[Event "Late-Titled-Tuesday-Blitz-October-17-2023"]
[Site "Chess.com"]
[Date "2023.10.17"]
[Round "10"]
[White "FabianoCaruana"]
[Black "Baku_Boulevard"]
[Result "1/2-1/2"]
[WhiteElo "3107"]
[BlackElo "3022"]
[TimeControl "180+1"]
[EndTime "15:52:26 PDT"]
[Termination "Game drawn by agreement"]

1. e4 c5 2. Nf3 d6 3. Bb5+ Bd7 4. c4 Nf6 5. Nc3 g6 6. Bxd7+ Qxd7 7. d4 cxd4 8. Qxd4 Nc6 9. Qd3 Bg7 10. O-O O-O 11. Bd2 Rfc8 12. b3 Qd8 13. Rac1 a6 14. a4 Nd7 15. Qb1 Nc5 16. Be3 e6 17. b4 Nd7 18.
Rfd1 Qe7 19. Ne2 Nce5 20. Nxe5 Nxe5 21. c5 dxc5 22. Bxc5 Qe8 23. a5 Rd8 24. h3 Rxd1+ 25. Rxd1 Rd8 26. Nd4 h5 27. Bb6 Rd7 28. b5 Nc4 29.
bxa6 bxa6 30. Nf3 Rb7 31. Qb4 Nxb6 32. axb6 Bf8 33. Qd4 Qb5 34. Ne5 Qxb6 35. Qxb6 Rxb6 36.
Rd8 Rd6 37. Ra8 Kg7 38. g3 Rd1+ 39. Kg2 Bd6 40. Nf3 Ra1 41. e5 Be7 42. Ra7 Kf8 43. Nd2 Ra2 44. Ne4 g5 45. g4 hxg4 46. hxg4 Ra4 47.
Kf3 Ra3+ 48. Ke2 Ra5 49. Kf3 Rxe5 50. Rxa6 Kg7 51. Ra7 Bb4 52. Rb7 Bf8 53. Ng3 Kg6 54. Rb8 Bd6 55. Rd8 Rd5 56. Ne4 Be7 57. Re8 Bb4 58. Rg8+ Kh6 59. Nf6 Rd4 60. Ne4 Rd3+ 61. Kg2 Rd5 62. Nf6 Rd4 63. f3 Be7 64. Ne4 f5 65.
gxf5 exf5 66. Ng3 Rd5 67. Re8 Bd6 68. Re6+ Kh7 69. Nxf5 Rxf5 70. Rxd6 Kg7 71. Rd4 Kg6 1/2-1/2

[Event "Late-Titled-Tuesday-Blitz-October-17-2023"]
[Site "Chess.com"]
[Date "2023.10.17"]
[Round "10"]
[White "marik_spb"]
[Black "Mikhail_Golubev"]
[Result "1-0"]
[WhiteElo "2444"]
[BlackElo "2546"]
[TimeControl "180+1"]
[EndTime "15:52:28 PDT"]
[Termination "marik_spb won on time"]

1. d4 Nf6 2. c4 g6 3. Nc3 Bg7 4. e4 d6 5. f3 O-O 6. Be3 a6 7.
Bd3 Nfd7 8. Nge2 c5 9. O-O Nc6 10. d5 Nce5 11. b3 b5 12. Rb1 bxc4 13. bxc4 Nxd3 14. Qxd3 Ne5 15. Qc2 Nxc4 16. Bc1 Bd7 17. f4 Qa5 18. Rb7 Rad8 19. Qb3 Bd4+ 20. Nxd4 cxd4 21. Qxc4 dxc3 22. Qb4 Qxb4 23. Rxb4 Bb5 24. Rf3 Rc8 25. a4 Be2 26. Re3 Bd1 27. Kf2 c2 28. Reb3 a5 29. Rb7 Rc4 30. Rxe7 Rxa4 31. Ke3 Rb4 32. Rb7 Rxb3+ 33. Rxb3 a4 34. Ra3 Ra8 35. Kd4 f6 36. Kc4 Kf7 37. Kb4 Re8 38. Re3 Rb8+ 39. Kc3 Rb1 40. Kd2 f5 41. exf5 gxf5 42. Rh3 Rb5 43. Rxh7+ Kg6 44. Ra7 Rxd5+ 45. Kc3 Rc5+ 46. Kd3 Rd5+ 47. Kc3 Rc5+ 48. Kd3 Rb5 49. Rxa4 d5 50. h3 Kh5 51. Ra8 Rb3+ 52. Kd2 Rb1 53. Rd8 Rb5 54. Rg8 Kh6 55. g4 fxg4 56. hxg4 Rb4 57. Kc3 Rc4+ 58. Kd3 Re4 59. f5+ 1-0

[Event "Late-Titled-Tuesday-Blitz-October-17-2023"]
[Site "Chess.com"]
[Date "2023.10.17"]
[Round "10"]
[White "TanitoluwaAps116"]
[Black "Necromon"]
[Result "1-0"]
[WhiteElo "2621"]
[BlackElo "2506"]
[TimeControl "180+1"]
[EndTime "15:52:31 PDT"]
[Termination "TanitoluwaAps116 won by resignation"]

1. e4 c5 2. Nf3 Nc6 3. Bb5 g6 4. Bxc6 dxc6 5. d3 Bg7 6. h3 e5 7. Be3 Qe7 8. Nbd2 Nf6 9. O-O O-O 10. a3 h6 11. Qe2 Be6 12. Rab1 Nd7 13. b4 cxb4 14. axb4 b6 15. Rfe1 a5 16. bxa5 bxa5 17. d4 exd4 18. Bxd4 c5 19. Bxg7 Kxg7 20. e5 a4 21. Ne4 a3 22. Qe3 a2 23. Ra1 Rfb8 24.
Qc3 Qd8 25. Nfd2 Qa5 26. Qe3 Rb2 27. Nf6 Rxc2 28. Nde4 Qa3 29. Qf4 Qb4 30. Nxd7 Bxd7 31. e6 Bxe6 32. Qe5+ Kg8 33. Nf6+ Kf8 34. Nh7+ Ke8 35.
Qh8+ Ke7 36. Qxa8 Rb2 37. Qf8+ Kd7 38. Nf6+ Kc7 39. Qe8 Rb1 40. Qe7+ Kc6 41. Qe8+ Kc7 42. Rd1 Rxa1 43. Qd8+ Kb7 44. Rxa1 Qb1+ 45. Qd1 Bf5 46. Nd5 Qxd1+ 47. Rxd1 Bb1 48. Nc3 a1=Q 49. Rxb1+ Qxb1+ 50. Nxb1 Kc6 51. Kf1 Kd5 52. Ke2 Kc4 53. Kd2 Kb3 54. Kd3 c4+ 55. Kd4 Kc2 56. Na3+ Kd2 57. Nxc4+ Ke2 58. f4 Kf2 59. Ne3 Kg3 60. Ke4 f5+ 61.
Nxf5+ Kxg2 62. Nxh6 Kxh3 63. Nf7 Kg4 64. Ng5 Kh5 65.
Ke5 Kg4 66. Ne6 Kh5 67. Kf6 Kh6 68. Kf7 Kh5 69. Kg7 g5 70. fxg5 Kg4 71. g6 1-0

[Event "Late-Titled-Tuesday-Blitz-October-17-2023"]
[Site "Chess.com"]
[Date "2023.10.17"]
[Round "10"]
[White "icy"]
[Black "CraiggoryC"]
[Result "0-1"]
[WhiteElo "2391"]
[BlackElo "2243"]
[TimeControl "180+1"]
[EndTime "15:52:31 PDT"]
[Termination "CraiggoryC won by checkmate"]

1. Nf3 Nf6 2. g3 d5 3. Bg2 e6 4.
O-O Be7 5. d3 c5 6. c4 O-O 7. b3 d4 8. a3 Nc6 9. Nbd2 e5 10. Rb1 a5 11. Ne4 Nxe4 12. dxe4 f6 13. Ne1 a4 14. Nd3 axb3 15. Qxb3 Na5 16. Qc2 Be6 17. Nb2 Qd6 18. f4 Qa6 19. f5 Bf7 20. g4 Nxc4 21. Nxc4 Bxc4 22. Rxb7 Qxb7 23. Qxc4+ Kh8 24.
h4 Qa6 25. Qb3 c4 26. Qh3 Bxa3 27. g5 Bxc1 28. Rxc1 c3 29. Kf2 Qa3 30. Rc2 Qa1 31. Qd3 Ra2 32. g6 h6 33. Bf3 Rxc2 34. Qxc2 Qb2 35. Qa4 c2 36. Qd7 c1=Q 37. Qe7 Qe3+ 38. Kg2 Qexe2+ 39. Bxe2 Qxe2+ 40. Kg3 Qe3+ 41. Kg4 Qxe4+ 42.
Kg3 Qf4+ 43. Kg2 Qg4+ 44. Kh2 Qxh4+ 45. Kg2 Qg4+ 46. Kh2 Rg8 47. Qd6 Qf4+ 48. Kg2 Qg5+ 49. Kh2 Qxf5 50. Qd5 Qh5+ 51. Kg2 Qxg6+ 52. Kh2 Qh5+ 53. Kg2 Qg5+ 54. Kh2 Qd2+ 55. Kg1 d3 56. Qf3 Qe2 57. Qf2 Qxf2+ 58. Kh1 Qg2+ 59. Kxg2 d2 60. Kg3 d1=Q 61. Kh4 h5 62. Kg3 Qg4+ 63. Kh2 Qh4+ 64. Kg2 Qg4+ 65. Kf2 e4 66. Ke3 h4 67.
Kd4 e3+ 68. Kd5 e2 69. Kd6 e1=Q 70. Kc7 Qc4+ 71. Kd6 Qd3+ 72. Kc5 Qc1+ 73. Kb4 Qdb1+ 74. Ka5 Ra8# 0-1

[Event "Late-Titled-Tuesday-Blitz-October-17-2023"]
[Site "Chess.com"]
[Date "2023.10.17"]
[Round "10"]
[White "VincentKeymer"]
[Black "Jospem"]
[Result "0-1"]
[WhiteElo "3087"]
[BlackElo "3154"]
[TimeControl "180+1"]
[EndTime "15:52:33 PDT"]
[Termination "Jospem won by checkmate"]

1. Nf3 c5 2. c4 Nc6 3. Nc3 g6 4. e3 Bg7 5. d4 d6 6. Be2 e6 7. O-O Nge7 8. dxc5 dxc5 9. Ne4 O-O 10. Nxc5 Qc7 11.
Ne4 Rd8 12. Qc2 b6 13. Bd2 Bb7 14. Bc3 e5 15. Rfd1 h6 16. c5 Nd5 17. Be1 Nce7 18. Rac1 Rac8 19. Qb3 Bc6 20. Nd6 Rb8 21. Nb5 Qb7 22.
Qa3 bxc5 23. Rxc5 Ra8 24. Nc3 Nxc3 25. Bxc3 f6 26. h3 Bf8 27. Rxd8 Rxd8 28. Qa6 Qxa6 29. Bxa6 Rb8 30. Bc4+ Kh7 31. Nxe5 fxe5 32. Bxe5 Rd8 33. Ra5 Rd7 34. Be6 Rb7 35. Bd4 Bg7 36. Bxg7 Kxg7 37. b3 Kf6 38. Bc4 Rc7 39. f3 Be8 40. e4 Bf7 41.
Bxf7 Kxf7 42. Kf2 g5 43. h4 gxh4 44. Rh5 Rc2+ 45. Kg1 Ng6 46. Rxh6 Rxa2 47. Kh2 Kg7 48. Rh5 Kf6 49. Rf5+ Ke6 50. Kh3 Ra1 51. Rg5 Kf6 52. Rf5+ Ke6 53. Rg5 Kf7 54. Rf5+ Kg7 55. Rg5 Rg1 56. f4 Kh6 57. Rf5 Re1 58. e5 Re3+ 59.
Kh2 Re4 60. Rf7 Nxf4 61. Rxa7 Re2 62. Ra6+ Kg5 63. Ra8 Rxg2+ 64. Kh1 Re2 65. Rg8+ Kf5 66. e6 Rxe6 67. b4 Re1+ 68. Kh2 Re2+ 69. Kh1 Rb2 70. Rh8 Kg4 71. Rg8+ Kh3 72. Rg1 Rh2# 0-1

[Event "Late-Titled-Tuesday-Blitz-October-17-2023"]
[Site "Chess.com"]
[Date "2023.10.17"]
[Round "10"]
[White "Nf3c5"]
[Black "RichardShtivelband"]
[Result "0-1"]
[WhiteElo "2603"]
[BlackElo "2235"]
[TimeControl "180+1"]
[EndTime "15:52:37 PDT"]
[Termination "RichardShtivelband won on time"]

1. d4 Nf6 2. c4 e6 3. Nc3 Bb4 4. e3 b6 5. Bd3 Bb7 6. f3 c5 7. Ne2 cxd4 8. exd4 d5 9. Qa4+ Nc6 10. cxd5 Nxd5 11.
O-O O-O 12. a3 Be7 13. Nxd5 Qxd5 14. Be4 Qd7 15. Be3 Rfd8 16. Rac1 Rac8 17. Rfd1 Na5 18. Qxd7 Rxd7 19. Rxc8+ Bxc8 20. Rc1 Ba6 21. Nf4 g5 22. Nd3 f5 23. Ne5 Rd8 24. Bb1 Nb3 25. Rd1 Bf6 26.
Bc2 Na5 27. b4 Nc4 28. Nxc4 Bxc4 29. Kf2 f4 30. Bd2 Bxd4+ 31. Ke1 Bb2 32. a4 h6 33. h4 Kf7 34. h5 Kf6 35. Rb1 Be5 36. b5 Bd4 37.
Bb4 e5 38. Be4 Be6 39. Rc1 Rc8 40. Rb1 Bc5 41. Bd2 Rd8 42. Bc3 Bf5 43. Ke2 Bxe4 44. fxe4 g4 45. a5 Kg5 46. axb6 axb6 47. Bxe5 Re8 48.
Bc3 Rxe4+ 49. Kd3 Re3+ 50. Kc4 f3 51. gxf3 gxf3 52. Bd2 Kf4 53. Rf1 Ke4 54. Bxe3 Kxe3 55. Re1+ Kd2 56. Re8 f2 57. Rd8+ Ke2 58. Re8+ Be3 59.
Rf8 f1=Q 60. Rxf1 Kxf1 61. Kd5 Ke2 62. Ke4 Kd2 63. Kd5 Kd3 64. Kc6 Kc4 65. Kd6 Kxb5 66. Ke5 Kc4 67. Kf5 Kd3 68. Kg6 b5 69. Kf5 b4 70.
Ke5 b3 71. Kf5 b2 72. Kg6 b1=Q 0-1

[Event "Late-Titled-Tuesday-Blitz-October-17-2023"]
[Site "Chess.com"]
[Date "2023.10.17"]
[Round "10"]
[White "AryanTari"]
[Black "Mikasinski"]
[Result "1-0"]
[WhiteElo "2942"]
[BlackElo "2687"]
[TimeControl "180+1"]
[EndTime "15:52:38 PDT"]
[Termination "AryanTari won by checkmate"]

1. Nf3 Nf6 2. g3 g6 3. Bg2 Bg7 4. O-O O-O 5. a4 d6 6. a5 c5 7. d4 cxd4 8. Nxd4 a6 9. c4 Re8 10. Nc3 Qc7 11. Bg5 Nbd7 12. Rc1 h6 13. Bd2 Qxa5 14.
Nd5 Qd8 15. e3 Nc5 16. b4 Nce4 17. Nxf6+ Nxf6 18. Qb3 e5 19. Ne2 e4 20. Bc3 Be6 21. Nf4 Qe7 22. Qb2 Bxc4 23. Rfd1 Rac8 24. Bh3 Rc6 25. Bd4 b5 26. Ra1 g5 27. Ne2 Be6 28.
Bg2 Rec8 29. Nc3 d5 30. h3 Qd7 31. Nxe4 Nxe4 32. Bxg7 Rc2 33. Qe5 Qc7 34. Qxc7 R8xc7 35. Be5 Rc8 36. Bxe4 dxe4 37. Rxa6 Rc1 38. Rxc1 Rxc1+ 39. Kg2 Kh7 40. g4 Rc4 41. Ra8 Rc8 42. Ra7 Kg6 43. Rb7 Bc4 44. Rb6+ Kh7 45. Kg3 Re8 46. Bd4 Ra8 47.
h4 Ra2 48. Rb8 gxh4+ 49. Kxh4 f6 50. Bxf6 Rxf2 51. Be5 Rf3 52. Bf4 Bf1 53. Rb7+ Kg6 54. Rb6+ Kg7 55. Bxh6+ Kh7 56. Bf4 Bc4 57. g5 Bf7 58.
Rf6 Bg6 59. Rb6 Bf5 60. Rb7+ Kg6 61. Rb6+ Kh7 62. g6+ Bxg6 63. Kg5 Rf1 64. Rb7+ Bf7 65. Rxf7+ Kg8 66. Rb7 Rg1+ 67. Kf6 Rh1 68. Rxb5 Kf8 69.
Rb8# 1-0

[Event "Late-Titled-Tuesday-Blitz-October-17-2023"]
[Site "Chess.com"]
[Date "2023.10.17"]
[Round "10"]
[White "mind1mover"]
[Black "djano"]
[Result "1-0"]
[WhiteElo "2878"]
[BlackElo "2677"]
[TimeControl "180+1"]
[EndTime "15:52:43 PDT"]
[Termination "mind1mover won on time"]

1. Nf3 g6 2. g3 Bg7 3. Bg2 c5 4. e4 Nc6 5. O-O d6 6. c3 Nf6 7.
Re1 e5 8. a3 O-O 9. d3 Ne8 10.
b4 b6 11. Nbd2 f5 12. exf5 Bxf5 13. Qb3+ Kh8 14. bxc5 bxc5 15. Ne4 Rb8 16. Qa4 Bd7 17. Qc2 h6 18. Nh4 Kh7 19. d4 Bf5 20. Nxf5 gxf5 21. Nxc5 dxc5 22. Bxc6 cxd4 23. cxd4 e4 24. Bf4 Rc8 25.
Rad1 Nf6 26. Qa4 Nd5 27. Bxd5 Qxd5 28. Qxa7 Rc2 29. Qa4 Qa2 30. Be3 h5 31. h4 Bh6 32.
Ra1 Qb2 33. Qd7+ Kg6 34. Qe6+ Rf6 35. Qg8+ Bg7 36. Rab1 Qa2 37. Qxa2 Rxa2 38. Ra1 Rc2 39. Rec1 Re2 40. Kf1 Rb2 41. Rcb1 Rc2 42. a4 Bh6 43. Bxh6 Kxh6 44. a5 f4 45. Rb6 Rxb6 46. axb6 fxg3 47. Rb1 Rxf2+ 48. Kg1 Rf8 49. Kg2 e3 50. b7 e2 51. Kxg3 Kg6 52. Rb6+ Kg7 53. Rb1 Kg6 54. Re1 Rb8 55. Rxe2 Rxb7 56. Re6+ Kg7 57.
Kf4 Rb3 58. Kg5 Rd3 59. Re4 Rg3+ 60. Kxh5 Kf6 61. Rf4+ Ke6 62. Rg4 Rf3 63. Kg6 Rf8 64. Re4+ Kd5 65. Rg4 Ke6 66. Rg5 Rg8+ 67. Kh7 Rd8 68.
h5 Rxd4 69. h6 Kf7 70. Rf5+ Ke6 71. Kg6 1-0

[Event "Late-Titled-Tuesday-Blitz-October-17-2023"]
[Site "Chess.com"]
[Date "2023.10.17"]
[Round "10"]
[White "Sanan_Sjugirov"]
[Black "GMKrikor"]
[Result "1-0"]
[WhiteElo "2950"]
[BlackElo "2816"]
[TimeControl "180+1"]
[EndTime "15:52:54 PDT"]
[Termination "Sanan_Sjugirov won by resignation"]

1. e4 e6 2. d4 d5 3. e5 c5 4. c3 Nc6 5. Nf3 Bd7 6. Be2 cxd4 7.
cxd4 Nge7 8. O-O Nf5 9. Nc3 Rc8 10.
Kh1 a6 11. Rb1 b5 12. g4 Nh4 13. Bg5 Be7 14. Be3 Nxf3 15. Bxf3 O-O 16. Be2 f6 17. exf6 Bxf6 18. Qd2 Be8 19. Rbd1 Bg6 20. Bd3 Qe8 21. f4 Bxd3 22. Qxd3 g6 23. Qd2 Bg7 24. Ne2 Nd8 25. Ng3 Nb7 26. b3 Nd6 27. Rc1 Qd7 28.
Kg2 Rxc1 29. Rxc1 Rc8 30. h3 Rc6 31. Kf3 Qc8 32. Rc5 Nb7 33. Rxc6 Qxc6 34. Qb4 Kf7 35. h4 a5 36. Qd2 Bf8 37. h5 Bb4 38. Qh2 Kg7 39. hxg6 hxg6 40. f5 exf5 41. Qh6+ Kf7 42. gxf5 Nd8 43. Qh7+ Ke8 44. Qxg6+ Qxg6 45. fxg6 Ne6 46.
Nf5 Bc3 47. Ke2 b4 48. Kd3 Kf8 49. Bh6+ Ke8 50. a4 Bb2 51. Be3 Ba1 52. Nd6+ Kf8 53. Nb7 Kg7 54. Nxa5 Kxg6 55. Nc6 Kf5 56. Nxb4 Nc7 57.
Bc1 Ke6 58. Nc2 Bxd4 59. Nxd4+ Kd7 60. Bf4 Na6 61. Kc3 Nc5 62. a5 Kc8 63. b4 Ne4+ 64. Kd3 Kb7 65. b5 Ka7 66. Nc6+ Kb7 67. Kd4 Ka8 68.
Kxd5 Nc3+ 69. Kc4 Ne4 70. Nd4 Nf6 71. a6 Nd7 72. Kd5 Nb6+ 73. Kc6 Nc8 74. Kc5 Na7 75. b6 1-0

[Event "Late-Titled-Tuesday-Blitz-October-17-2023"]
[Site "Chess.com"]
[Date "2023.10.17"]
[Round "10"]
[White "Dacean99"]
[Black "ural58"]
[Result "0-1"]
[WhiteElo "2624"]
[BlackElo "2534"]
[TimeControl "180+1"]
[EndTime "15:53:09 PDT"]
[Termination "ural58 won by checkmate"]

1. d4 d5 2. Nf3 Nc6 3. c4 e5 4.
dxe5 d4 5. g3 Nge7 6. Bg2 Ng6 7.
O-O Ngxe5 8. Nxe5 Nxe5 9. b3 Bc5 10. Bb2 O-O 11. e3 Bg4 12. f3 Bf5 13. exd4 Nd3 14. dxc5 Nxb2 15. Qxd8 Raxd8 16. Nc3 c6 17. g4 Bg6 18. f4 f5 19. gxf5 Bxf5 20. Be4 Rd2 21. Rf2 Rxf2 22. Kxf2 Nd3+ 23. Bxd3 Bxd3 24. Ke3 Bf5 25. Rd1 Re8+ 26. Kf3 Kf7 27. Rd2 h5 28. Kf2 h4 29. Kf3 Re1 30. Ne2 Rf1+ 31. Ke3 Re1 32. Kf2 Rh1 33. Kg2 Be4+ 34. Kh3 Bf5+ 35. Kxh4 Rxh2+ 36. Kg3 Rh1 37. Nd4 Bc8 38. f5 Kf6 39. Rf2 Rd1 40.
Ne2 Rd2 41. Kf4 Rxa2 42. Ke3 Bxf5 43. Rf3 g6 44. Nd4 Rb2 45. Rg3 a5 46. Rg1 Rb1 47. Rg2 Re1+ 48. Kd2 Re5 49. Kc3 Rxc5 50. Rh2 Re5 51. Rh7 Re3+ 52. Kb2 Rd3 53. Nxf5 gxf5 54. Rxb7 f4 55. Kc2 Rd6 56. c5 Re6 57. Rd7 Ke5 58.
Rd1 f3 59. Kd3 Kf4 60. Rg1 f2 61.
Rf1 Kf3 62. b4 axb4 63. Rb1 Kg2 64. Rb2 Kg1 65. Kd4 f1=Q 66. Rxb4 Qf2+ 67. Kc3 Qf3+ 68.
Kb2 Re2+ 69. Ka1 Qf1+ 70. Rb1 Re1 71. Rxe1 Qxe1+ 72. Kb2 Qb4+ 73. Kc2 Qxc5+ 74. Kd3 Qd5+ 75. Ke3 c5 76. Kf4 Qd4+ 77. Kf3 c4 78. Ke2 c3 79.
Kf3 Qd3+ 80. Kf4 c2 81. Ke5 c1=Q 82. Kf6 Qe1 83. Kg5 Qdf1 84. Kg4 Qee2+ 85. Kg3 Qef2+ 86. Kg4 Q2g2+ 87. Kh5 Qff3+ 88. Kh6 Qfh3# 0-1

[Event "Late-Titled-Tuesday-Blitz-October-17-2023"]
[Site "Chess.com"]
[Date "2023.10.17"]
[Round "10"]
[White "Zq1"]
[Black "lamomiajunior"]
[Result "1-0"]
[WhiteElo "2581"]
[BlackElo "2727"]
[TimeControl "180+1"]
[EndTime "15:53:14 PDT"]
[Termination "Zq1 won by resignation"]

1. d4 Nf6 2. c4 e6 3. Nc3 Bb4 4. a3 Bxc3+ 5. bxc3 b6 6. e3 c5 7. Bd3 Nc6 8. Ne2 d6 9. e4 O-O 10. f3 Ba6 11. Bg5 Ne7 12. Bxf6 gxf6 13. Ng3 Ng6 14. Qd2 Kh8 15. h4 Rg8 16. h5 Ne7 17.
Rh3 cxd4 18. cxd4 Nc6 19. Qe3 Rc8 20. Kf2 Na5 21. Rc1 Qe7 22. Qh6 Bxc4 23. Bxc4 Nxc4 24.
Rh4 Rg5 25. Rf4 Rcg8 26. Qxf6+ Qxf6 27. Rxf6 b5 28. Rxf7 Rxg3 29. Rg1 R3g7 30. Rf6 Re7 31. h6 a6 32. Rc1 Ree8 33. a4 Rgf8 34. Rxf8+ Rxf8 35.
axb5 axb5 36. Rb1 Rb8 37. Rb4 Kg8 38. g4 Kf7 39. f4 d5 40. e5 Kg6 41. Kf3 Kxh6 42. f5 exf5 43. gxf5 Kg5 44. f6 Kg6 45. Kf4 h5 46. Rb1 h4 47. Rg1+ Kh6 48. Rg4 b4 49. Rxh4+ Kg6 50. Rg4+ Kf7 51. Rg7+ Kf8 52. Rh7 Kg8 53.
Rg7+ Kh8 54. Rg1 b3 55. f7 b2 56. e6 Nd6 57. Ke5 Nxf7+ 58. exf7 Kh7 59. Kf6 Rb6+ 60. Ke7 Rb7+ 61. Ke6 Rb6+ 62. Kxd5 Rf6 63. Rb1 Kg7 64. Rxb2 Kxf7 65. Re2 Ra6 66. Kc5 Ra5+ 67. Kc6 Ra6+ 68. Kb5 Rd6 69. Kc5 Rd8 70. d5 Rc8+ 71. Kb6 Rc1 72. d6 Kf8 73. Kb7 Kf7 74. Re7+ Kf6 75. Rc7 Rd1 76. Kc6 Ke6 77. Re7+ Kf6 78. Re2 Rc1+ 79.
Kd7 Ra1 80. Rf2+ Kg7 81. Ke7 Re1+ 82. Kd8 Ra1 83. d7 Kg8 84. Rc2 Kf8 85. Kc7 Ra7+ 86.
Kc8 Ra8+ 87. Kb7 Rd8 88. Kc7 1-0

[Event "Late-Titled-Tuesday-Blitz-October-17-2023"]
[Site "Chess.com"]
[Date "2023.10.17"]
[Round "10"]
[White "Tomytoteph"]
[Black "esskeettit"]
[Result "1/2-1/2"]
[WhiteElo "2566"]
[BlackElo "2497"]
[TimeControl "180+1"]
[EndTime "15:53:16 PDT"]
[Termination "Game drawn by repetition"]

1. e4 c5 2. Nf3 Nc6 3. Bb5 g6 4. O-O Bg7 5. Re1 Nf6 6. h3 O-O 7.
c3 d5 8. e5 Ne8 9. d4 Qb6 10.
Bf1 Nc7 11. Na3 cxd4 12. cxd4 Ne6 13. Nc2 Bd7 14. b3 Rac8 15. Bb2 Nf4 16. Ne3 Bf5 17. Kh2 Be4 18. Ng5 h6 19. Nxe4 dxe4 20. g3 Ne6 21. Nc4 Qc7 22. d5 Rcd8 23. Rxe4 Ng5 24. Re3 b5 25. Qc1 bxc4 26. dxc6 Qxc6 27. Bg2 Qb6 28. bxc4 Rc8 29. Ba3 Rc7 30. c5 Qa5 31. Rb1 Ne6 32. c6 Rfc8 33. f4 Nd4 34. Qc5 Qxc5 35. Bxc5 Nxc6 36.
Ra3 Nxe5 37. Bxa7 Nc4 38. Ra4 Nd2 39. Rd1 Rc2 40. Kh1 Rc1 41. Rxc1 Rxc1+ 42. Bg1 e5 43. Ra8+ Kh7 44. Rd8 Nc4 45. a4 exf4 46. gxf4 Ne3 47. Bf3 Nf5 48. a5 Bd4 49. Bg4 Bxg1 50. Rd7 Bb6+ 51.
Kg2 Bxa5 52. Rxf7+ Kg8 53. Ra7 Ne3+ 54. Kf3 Nxg4 55.
hxg4 Bb6 56. Rb7 Bd4 57. Ke4 Bg7 58. Rb8+ Kh7 59. Rb7 Re1+ 60. Kf3 Rf1+ 61. Kg3 Re1 62. Kf3 Rf1+ 63. Kg3 Ra1 64. Kf3 Ra3+ 65. Ke4 h5 66.
gxh5 gxh5 67. Rb5 Kg6 68. Rb6+ Kh7 69. Rb5 Kg6 70. Rg5+ Kh6 71. Rb5 Bf6 72. Kf5 Kg7 73.
Rb7+ Kf8 74. Kxf6 Ra6+ 75. Kg5 Ra5+ 76. f5 Ra6 77. Kxh5 Rc6 78. Kg5 Ra6 79. Rh7 Rb6 80. Rh8+ Kg7 81. Rc8 Kf7 82. Rc5 Ra6 83. f6 Ra1 84. Rc7+ Kf8 85. Rc8+ Kf7 86. Rc7+ Kf8 87.
Kg6 Rg1+ 88. Kf5 Rf1+ 89. Kg6 Rg1+ 90. Kf5 Rf1+ 91. Kg6 Rg1+ 1/2-1/2

[Event "Late-Titled-Tuesday-Blitz-October-17-2023"]
[Site "Chess.com"]
[Date "2023.10.17"]
[Round "10"]
[White "Beca95"]
[Black "Bauman_Guy"]
[Result "1/2-1/2"]
[WhiteElo "2943"]
[BlackElo "2901"]
[TimeControl "180+1"]
[EndTime "15:53:17 PDT"]
[Termination "Game drawn - insufficient material"]

1. c4 Nf6 2. Nc3 e5 3. Nf3 Nc6 4. e3 g6 5. d4 exd4 6. exd4 Bg7 7. h3 O-O 8. Be3 d6 9. Bd3 Ne7 10. O-O Bf5 11. Be2 Re8 12. Re1 Bd7 13. Bf1 h6 14.
Qd3 Nf5 15. Bd2 a6 16. b4 Rxe1 17. Rxe1 Qf8 18. g4 Ne7 19. a4 Nc6 20. b5 Nb4 21.
Qb1 a5 22. Bg2 h5 23. g5 Bf5 24. Qd1 Nd7 25. Be3 Nb6 26. Bf1 Re8 27. Qd2 Nc2 28.
Rc1 Nxe3 29. fxe3 Qe7 30. Kf2 c5 31. bxc6 bxc6 32. e4 Bd7 33. Rb1 Qd8 34. Qb2 Nc8 35. Qd2 c5 36. d5 Nb6 37. e5 Bxe5 38. Nxe5 Rxe5 39. h4 Nxa4 40. Nd1 Nb6 41. Qxa5 Rf5+ 42. Kg1 Qe7 43. Rxb6 Rf4 44. Qd2 Rxh4 45. Rb3 Rg4+ 46. Bg2 Rxg5 47. Re3 Re5 48. Rxe5 Qxe5 49. Nf2 Bf5 50.
Qd1 Kg7 51. Bf3 h4 52. Kf1 h3 53. Bg4 Qg3 54. Bxf5 gxf5 55. Qh5 h2 56. Ke2 Kf6 57.
Qh6+ Ke7 58. Qe3+ Qxe3+ 59. Kxe3 Kf6 60. Kf4 Kg6 61. Nh1 Kf6 62. Ng3 Kg6 63. Nh1 Kf6 64.
Nf2 Kg6 65. Kf3 Kg5 66. Nh3+ Kh4 67. Nf2 Kg5 68. Kg3 f4+ 69. Kxh2 Kf5 70. Kg2 Ke5 71. Kf3 Kd4 72. Ng4 Kxc4 73. Nf6 Kd4 74. Kxf4 c4 75. Ne8 Kxd5 76. Ke3 Ke5 77. Nc7 d5 78. Nb5 f5 79.
Na3 f4+ 80. Kf3 c3 81. Nc2 d4 82. Ne1 Kd5 83. Kxf4 Kc4 84. Ke4 c2 85. Nxc2 d3 86. Ne3+ Kc3 87. Kf3 d2 88. Ke2 d1=Q+ 89. Nxd1+ 1/2-1/2

[Event "Late-Titled-Tuesday-Blitz-October-17-2023"]
[Site "Chess.com"]
[Date "2023.10.17"]
[Round "10"]
[White "nicholas_ilic"]
[Black "Alphafischer2019"]
[Result "1/2-1/2"]
[WhiteElo "2362"]
[BlackElo "2563"]
[TimeControl "180+1"]
[EndTime "15:53:26 PDT"]
[Termination "Game drawn by repetition"]

1. e4 c5 2. b3 Nc6 3. Bb2 e5 4. f4 d6 5. Nf3 exf4 6. Bb5 Nf6 7. O-O Be7 8. Nc3 O-O 9. Nd5 Bg4 10. h3 Bh5 11.
Nxf4 Bg6 12. d3 Qb6 13. Bxc6 bxc6 14. e5 dxe5 15. Nxe5 c4+ 16. Kh1 cxd3 17. cxd3 Rad8 18. Nfxg6 hxg6 19. Rc1 Nh5 20. Qf3 c5 21. Nc6 Bd6 22.
Be5 Bxe5 23. Nxe5 Qd6 24. Rfe1 Rde8 25. Nc4 Qd4 26. Re4 Rxe4 27. dxe4 Qxe4 28. Qxe4 Ng3+ 29. Kh2 Nxe4 30. Rd1 Nc3 31. Rd7 Nxa2 32. Rxa7 Nb4 33. Rc7 Nd3 34. Rd7 Nf4 35. Nd6 Ne6 36. Ra7 f5 37.
Re7 Nd4 38. Rc7 Nxb3 39. Nb7 g5 40. Nxc5 Nxc5 41. Rxc5 Kh7 42. Kg3 Kg6 43. Kf3 Rf6 44.
Rc7 Ra6 45. Rc3 Kf6 46. Rb3 g6 47. Kg3 Kg7 48. Kf3 Kh6 49. Kg3 Ra4 50. Kf3 Rf4+ 51. Kg3 Rf1 52. Kh2 Kh5 53. Kg3 f4+ 54. Kh2 g4 55.
Rb5+ g5 56. hxg4+ Kxg4 57. Rb4 Kh5 58. Rb8 Rf2 59. Rb4 g4 60. Kg1 g3 61. Rb8 Ra2 62.
Rh8+ Kg6 63. Kf1 Kf5 64. Rf8+ Ke5 65. Re8+ Kd6 66. Rf8 Rf2+ 67. Kg1 Ke5 68. Re8+ Kd4 69. Rf8 Ke3 70. Re8+ Kd2 71. Rf8 Ke1 72. Re8+ Re2 73. Rf8 Re4 74. Ra8 Rd4 75. Re8+ Kd2 76. Rf8 Re4 77.
Rd8+ Ke3 78. Kf1 f3 79. gxf3 Kxf3 80. Rf8+ Rf4 81. Rxf4+ Kxf4 82. Kg2 Kg4 83. Kg1 Kh3 84. Kh1 Kh4 85. Kg2 Kg4 86. Kg1 Kf4 87. Kg2 Kg4 1/2-1/2

[Event "Late-Titled-Tuesday-Blitz-October-17-2023"]
[Site "Chess.com"]
[Date "2023.10.17"]
[Round "10"]
[White "DryCounty"]
[Black "KaydenTroffChess"]
[Result "1-0"]
[WhiteElo "2690"]
[BlackElo "2810"]
[TimeControl "180+1"]
[EndTime "15:53:37 PDT"]
[Termination "DryCounty won on time"]

1. e4 c5 2. Nf3 g6 3. c4 Bg7 4. d4 cxd4 5. Nxd4 Qb6 6. Nb3 a5 7. Be3 Qb4+ 8. Bd2 Qd6 9. Nc3 a4 10. c5 Qe6 11. Nc1 a3 12. b3 Nf6 13. Bc4 Qe5 14. Nd3 Qd4 15. O-O Nxe4 16. Nb5 Qxa1 17.
Qc2 Qxf1+ 18. Kxf1 Nxd2+ 19. Qxd2 O-O 20. Nc7 Ra7 21.
b4 d6 22. cxd6 exd6 23. Qe3 Nc6 24. b5 Nd4 25. Nd5 Be6 26. N3f4 Ra4 27. Qd3 Bf5 28. Ne7+ Kh8 29. Nxf5 Nxf5 30. Nd5 Raa8 31. g3 Rac8 32.
Nb6 Rcd8 33. Bd5 Rfe8 34. Nc4 Re7 35. b6 Bd4 36. Qxa3 Kg7 37. Qd3 Bc5 38. a4 Rde8 39.
a5 Re1+ 40. Kg2 R8e2 41. Qc3+ Bd4 42. Qf3 Rxf2+ 43. Qxf2 Bxf2 44. Kxf2 Rc1 45. Bxb7 Rc2+ 46. Ke1 Rxc4 47. a6 Ra4 48. a7 Ne3 49. a8=Q Rxa8 50.
Bxa8 Nc2+ 51. Kd2 Nb4 52. Be4 Na6 53. Kc3 Kf6 54. Kc4 Ke5 55. Bg2 f5 56. Kb5 Nb8 57. b7 g5 58. Kb6 d5 59. Bf1 Kd6 60. Bd3 f4 61. gxf4 gxf4 62. Bxh7 Nd7+ 63. Ka7 Ke5 64. Bd3 Kd4 65. Bb5 Ne5 66. b8=Q f3 67. Qb6+ Ke4 68. Qf2 Ng4 69. Qg3 Ne5 70. Qh4+ Ke3 71.
Qg5+ Ke4 72. Qg3 d4 73. Qf2 d3 74. Bxd3+ Nxd3 75. Qf1 Ke3 76. h4 Nf4 77. Qe1+ Ne2 78. h5 f2 79. Qxf2+ Kxf2 80. h6 Nc3 81. h7 Nb5+ 82.
Kb6 Nd6 83. h8=Q Nc4+ 84. Kc7 Ne3 85. Qf6+ Ke2 86. Qe6 Kd3 87. Kd6 Nc4+ 88. Kd5 Ne3+ 89. Kc5 Nc2 90. Qe5 Ne3 91. Qd4+ Ke2 92. Qe4 Kd2 93.
Kd4 Nc2+ 94. Kc4 Ne3+ 95. Kb3 Ke2 96. Kc3 Kf2 97. Kd3 Nf1 98. Qf4+ Kg2 99. Ke2 Ng3+ 100. Ke1 Kh3 101. Kf2 Ne2 102. Kxe2 1-0

[Event "Late-Titled-Tuesday-Blitz-October-17-2023"]
[Site "Chess.com"]
[Date "2023.10.17"]
[Round "11"]
[White "GM_dmitrij"]
[Black "Zq1"]
[Result "1-0"]
[WhiteElo "3020"]
[BlackElo "2580"]
[TimeControl "180+1"]
[EndTime "15:56:42 PDT"]
[Termination "GM_dmitrij won by resignation"]

1. Nc3 d5 2. d3 c5 3. g3 e5 4. Bg2 Ne7 5. e4 Be6 6. f4 d4 7. Nce2 f6 8. Nf3 Nec6 9. O-O Be7 10. c4 dxc3 11. Nxc3 O-O 12. Be3 Nd4 13. fxe5 Nxf3+ 14. Rxf3 fxe5 15. Rxf8+ Bxf8 16. Nd5 Nc6 17. Qb3 b6 18.
Rf1 Qd7 19. Bh3 Kh8 20. Nxb6 Bxb3 21. Nxd7 Bxa2 22. Rxf8+ 1-0

[Event "Late-Titled-Tuesday-Blitz-October-17-2023"]
[Site "Chess.com"]
[Date "2023.10.17"]
[Round "11"]
[White "Byniolus"]
[Black "Kale36"]
[Result "1/2-1/2"]
[WhiteElo "2747"]
[BlackElo "2356"]
[TimeControl "180+1"]
[EndTime "15:57:17 PDT"]
[Termination "Game drawn by agreement"]

1. d4 Nc6 2. Nf3 d6 3. Bf4 Bg4 4. Nbd2 f6 5. h3 Bh5 6. d5 Ne5 7. c4 c5 8. dxc6 Nxc6 9. Qb3 Qc7 10. e3 e5 11. Bh2 Bf7 12. Be2 g6 13. O-O Bg7 14. Rac1 Nge7 15. Rfd1 O-O 16. Ne4 Rfd8 17. Nc3 Na5 18. Qb4 Nec6 19. Qa4 Be8 20. Nb5 Qb6 21.
b4 a6 22. bxa5 axb5 23. axb6 1/2-1/2